[Event "Titled Tuesday Blitz May 4 2021"]
[White "Poghosyan, Suren"]
[Black "Fanha, Paulo"]
[WhiteFideId "13303201"]
[BlackFideId "1902148"]
[WhiteElo "2314"]
[BlackElo "1851"]
[Result "1-0"]
[Round "06"]
[TimeControl "180+1"]
[Date "2021.05.04"]
[WhiteClock "0:00:25"]
[BlackClock "0:00:02"]

1. e4 d5 2. exd5 Qxd5 3. Nf3 c6 4. d4 Nf6 5. c4 Qd8 6. Nc3 Bg4 7. Be2 e6 8. Bf4 Bd6 9. Ne5 Bxe2 10. Qxe2 O-O 11. O-O Bc7 12. Rad1 Nbd7 13. Ne4 Nxe4 14. Qxe4 Nxe5 15. dxe5 Qe7 16. h3 Rad8 17. Rfe1 Rxd1 18. Rxd1 Rd8 19. Qe2 Rxd1+ 20. Qxd1 Qd8 21. Qb3 Bb6 22. Be3 Bxe3 23. Qxe3 Qb6 24. Qc3 Qd8 25. g3 Qd1+ 26. Kg2 h6 27. Qa3 Qd4 28. Qd6 Qe4+ 29. Kh2 Qe2 30. Qd4 Kh7 31. Kg2 g6 32. a3 Qc2 33. b4 Qb3 34. Qxa7 1-0


[Site "https://www.chess.com"]

[Event "Titled Tuesday Blitz May 4 2021"]
[White "Poormosavi, Seyed Kian"]
[Black "Martinez Lopez, David"]
[WhiteFideId "12585807"]
[BlackFideId "22235779"]
[WhiteElo "2134"]
[BlackElo "2366"]
[Result "1-0"]
[Round "06"]
[TimeControl "180+1"]
[Date "2021.05.04"]
[WhiteClock "0:01:08"]
[BlackClock "0:00:01"]

1. e4 c5 2. Nf3 d6 3. c4 Nc6 4. Nc3 g6 5. d4 cxd4 6. Nxd4 Bg7 7. Be3 Nf6 8. f3 O-O 9. Be2 Nxd4 10. Bxd4 Bd7 11. Qd2 a5 12. g4 Bc6 13. h4 Nd7 14. Bxg7 Kxg7 15. h5 Rh8 16. Qd4+ f6 17. O-O-O Qb6 18. Qd2 Qc5 19. Kb1 a4 20. Nd5 Bxd5 21. cxd5 g5 22. Rc1 Qb6 23. h6+ Kf7 24. f4 gxf4 25. Qxf4 a3 26. b3 Qd4 27. Rc2 Rhc8 28. Rhc1 Ne5 29. Qf5 Rxc2 30. Rxc2 Nd3 31. Qxh7+ Ke8 32. Qg6+ Kd7 33. Qf5+ Kd8 34. h7 Qg1+ 35. Qf1 Qxf1+ 36. Bxf1 1-0


[Site "https://www.chess.com"]

[Event "Titled Tuesday Blitz May 4 2021"]
[White "Porter, Ryan W"]
[Black "Palchuk, Andrii"]
[WhiteFideId "2011239"]
[BlackFideId "14176688"]
[WhiteElo "2398"]
[BlackElo "2184"]
[Result "0-1"]
[Round "06"]
[TimeControl "180+1"]
[Date "2021.05.04"]
[WhiteClock "0:00:03"]
[BlackClock "0:00:13"]

1. c4 e6 2. Nf3 d5 3. e3 Nf6 4. Nc3 Be7 5. b3 O-O 6. Bb2 c5 7. cxd5 Nxd5 8. Nxd5 Qxd5 9. Qc2 Nc6 10. a3 b6 11. Bd3 h6 12. Be4 Qd6 13. O-O Bb7 14. d4 cxd4 15. Nxd4 Nxd4 16. Bxd4 Rac8 17. Qb1 Bxe4 18. Qxe4 Qc6 19. Qg4 f6 20. e4 Kh7 21. b4 a5 22. bxa5 bxa5 23. a4 Qc4 24. Be3 f5 25. Qf3 Qxe4 26. Qxe4 fxe4 27. Rfc1 Bb4 28. Kf1 Kg6 29. Ke2 Kf5 30. h3 e5 31. Rxc8 Rxc8 32. Rc1 Rxc1 33. Bxc1 Ke6 34. Kd1 Kd5 35. Kc2 Kc4 36. Bb2 Bc5 37. Bxe5 Bxf2 38. Bxg7 e3 39. Bxh6 e2 40. Bd2 e1=Q 41. Bxe1 Bxe1 42. g4 Bh4 0-1


[Site "https://www.chess.com"]

[Event "Titled Tuesday Blitz May 4 2021"]
[White "Preotu, Razvan"]
[Black "Zverev, Lev"]
[WhiteFideId "2613280"]
[BlackFideId "24250775"]
[WhiteElo "2407"]
[BlackElo "2107"]
[Result "1-0"]
[Round "06"]
[TimeControl "180+1"]
[Date "2021.05.04"]
[WhiteClock "0:00:08"]
[BlackClock "0:00:02"]

1. e4 c5 2. Nf3 d6 3. d4 cxd4 4. Nxd4 Nf6 5. Nc3 a6 6. Be2 e5 7. Nb3 Be7 8. O-O O-O 9. Be3 Be6 10. Nd5 Nxd5 11. exd5 Bf5 12. a4 Nd7 13. a5 Rc8 14. c3 Bg6 15. Ra4 f5 16. f4 Nf6 17. Rb4 Qd7 18. Bb6 Bf7 19. c4 h6 20. Nd2 g5 21. fxg5 hxg5 22. Rb3 e4 23. Rg3 Nh7 24. Bd4 Bg6 25. Bh5 Qe8 26. Bxg6 Qxg6 27. Rb3 Rb8 28. Qe2 Bf6 29. Bxf6 Nxf6 30. Rb6 Nd7 31. Rb3 Nc5 32. Rb6 f4 33. b4 Nd7 34. Qxe4 Qf6 35. Qd3 Nxb6 36. axb6 Rbe8 37. h3 Re3 38. Qb1 Re2 39. Nf3 Rfe8 40. c5 Kg7 41. c6 Rb2 42. Qd3 Ree2 43. cxb7 Rxg2+ 44. Kh1 Qh6 45. h4 g4 46. b8=Q gxf3 47. Qc7+ Kf8 48. Qf5+ Kg8 49. Qff7+ Kh8 50. Qd8+ Qf8 51. Qdxf8+ Rg8 52. Q7xg8# 1-0


[Site "https://www.chess.com"]

[Event "Titled Tuesday Blitz May 4 2021"]
[White "Prithu Gupta"]
[Black "Csonka, Balazs"]
[WhiteFideId "46618546"]
[BlackFideId "742910"]
[WhiteElo "1775"]
[BlackElo "2404"]
[Result "1-0"]
[Round "06"]
[TimeControl "180+1"]
[Date "2021.05.04"]
[WhiteClock "0:00:09"]
[BlackClock "0:00:03"]

1. c4 g6 2. g3 Bg7 3. Bg2 Nf6 4. Nc3 O-O 5. e4 c5 6. Nge2 Nc6 7. O-O Rb8 8. d3 d6 9. h3 a6 10. a4 Bd7 11. Be3 Ne8 12. d4 cxd4 13. Nxd4 Nc7 14. Nd5 Ne6 15. Nxe6 fxe6 16. Nb6 Bxb2 17. Rb1 Bg7 18. c5 Be8 19. Qb3 Bf7 20. Rfd1 e5 21. Qa3 Nd4 22. cxd6 exd6 23. Bxd4 exd4 24. h4 Kh8 25. Bh3 Be8 26. Qb4 Bc6 27. Rb2 Bxe4 28. Nd7 d3 29. Nxb8 Qxb8 30. Qxe4 Bxb2 31. Rxd3 Qe8 32. Qxe8 Rxe8 33. Rb3 Bd4 34. Rxb7 Re2 35. Rf7 Bc5 36. Bc8 a5 37. Ba6 Ra2 38. Bb5 Rb2 39. Kg2 Kg8 40. Rf3 Kg7 41. Bc4 Rb7 42. Bd5 Re7 43. Rb3 Rd7 44. Kf3 Re7 45. Rb7 h5 46. Rxe7+ 1-0


[Site "https://www.chess.com"]

[Event "Titled Tuesday Blitz May 4 2021"]
[White "Przybylski, Wojciech"]
[Black "Matveeva, Olga"]
[WhiteFideId "1117599"]
[BlackFideId "24107018"]
[WhiteElo "2317"]
[BlackElo "2108"]
[Result "1-0"]
[Round "06"]
[TimeControl "180+1"]
[Date "2021.05.04"]
[WhiteClock "0:00:05"]
[BlackClock "0:00:08"]

1. d4 Nf6 2. c4 e6 3. Nc3 Bb4 4. Qc2 d5 5. a3 Bxc3+ 6. Qxc3 O-O 7. Nf3 b6 8. Bf4 Bb7 9. e3 Nbd7 10. Be2 c5 11. O-O cxd4 12. Qxd4 Rc8 13. Rac1 dxc4 14. Bxc4 Re8 15. Ne5 Nxe5 16. Bxe5 Qxd4 17. Bxd4 e5 18. Bb5 exd4 19. Bxe8 Rxe8 20. exd4 Nd5 21. Rfe1 Rd8 22. f3 Kf8 23. Rc2 Ba6 24. Kf2 g6 25. g3 h5 26. h4 Bd3 27. Rd2 Bf5 28. Rc1 Ke7 29. Re2+ Kd6 30. Re5 f6 31. Re2 a5 32. Rd2 g5 33. hxg5 fxg5 34. Rh1 Rh8 35. Re2 h4 36. gxh4 gxh4 37. Re5 Bd7 38. Rg5 Nf4 39. Ke3 Nd5+ 40. Kf2 h3 41. Rg6+ Ke7 42. Kg3 Bf5 43. Re1+ Kf7 44. Rd6 Rg8+ 45. Kh2 Nf4 46. Rg1 Re8 47. Rxb6 Re2+ 48. Kg3 Nh5+ 49. Kh4 h2 50. Rh1 Nf4 51. Kg3 Ng6 52. Rxh2 Re3 53. Kf2 Rd3 54. Rh7+ Kg8 55. Ra7 Rxd4 56. Rb8+ Nf8 57. Rxa5 Rd2+ 58. Ke3 Rd3+ 59. Ke2 Bh7 60. Raa8 1-0


[Site "https://www.chess.com"]

[Event "Titled Tuesday Blitz May 4 2021"]
[White "Ptacnikova, Lenka"]
[Black "Grunberg, Mihai-Lucian"]
[WhiteFideId "305650"]
[BlackFideId "1204149"]
[WhiteElo "1984"]
[BlackElo "2364"]
[Result "0-1"]
[Round "06"]
[TimeControl "180+1"]
[Date "2021.05.04"]
[WhiteClock "0:01:47"]
[BlackClock "0:02:13"]

1. c4 Nf6 2. g3 g6 3. Bg2 d5 4. cxd5 Nxd5 5. Nf3 Bg7 6. O-O O-O 7. Nc3 c5 8. Nxd5 Qxd5 9. d3 Nc6 10. a3 b6 11. Be3 Bb7 12. Nd4 Qd7 13. Nxc6 Bxc6 14. Bxc6 Qxc6 15. Qd2 Rfd8 16. Rac1 Rac8 17. b4 c4 18. Rxc4 Qxc4 19. dxc4 Rxd2 20. Bxd2 Rxc4 21. Rc1 Rxc1+ 22. Bxc1 Kf8 23. Kg2 Ke8 24. Kf3 Kd7 25. Ke4 Kc6 26. a4 b5 27. axb5+ Kxb5 28. Be3 a6 29. Bc5 Bc3 30. Bxe7 Bxb4 31. Bf6 Kc4 32. f4 a5 33. g4 a4 34. f5 a3 35. fxg6 fxg6 0-1


[Site "https://www.chess.com"]

[Event "Titled Tuesday Blitz May 4 2021"]
[White "Quesada Perez, Yasser"]
[Black "Weetik, Vjacheslav"]
[WhiteFideId "3509362"]
[BlackFideId "4153472"]
[WhiteElo "2420"]
[BlackElo "2469"]
[Result "0-1"]
[Round "06"]
[TimeControl "180+1"]
[Date "2021.05.04"]
[WhiteClock "0:00:03"]
[BlackClock "0:00:06"]

1. e4 c6 2. c4 e5 3. Nf3 d6 4. Nc3 Be7 5. d4 Nd7 6. Be2 Ngf6 7. O-O O-O 8. Qc2 Re8 9. b3 Bf8 10. Bb2 exd4 11. Nxd4 Nc5 12. f3 d5 13. exd5 cxd5 14. Rad1 dxc4 15. Bxc4 Qb6 16. Kh1 Bd7 17. Nf5 Be6 18. Nd5 Bxd5 19. Bxd5 Nxd5 20. Rxd5 Rad8 21. Qd2 Rxd5 22. Qxd5 Rd8 23. Qc4 Qe6 24. Qg4 Nd3 25. Bd4 g6 26. Qg5 Rd5 27. g4 Qe2 28. Kg1 Rxd4 29. Nxd4 Bc5 30. Qd8+ Kg7 31. Qd5 Qe3+ 32. Kg2 Bxd4 33. Qe4 Nf4+ 34. Kg3 Ne2+ 35. Kg2 Nf4+ 36. Kg3 Qxe4 37. fxe4 Be5 38. Kf3 Ne6 39. h3 Kf6 40. h4 h6 41. Rd1 Ke7 42. Ke3 g5 43. h5 Nf4 44. Kf3 Ne6 45. Rc1 Bc7 46. Ke3 Bb6+ 47. Kd3 Kd6 48. Rf1 Nf4+ 49. Kc4 Ke5 50. Rd1 Kxe4 51. Rd7 f5 52. Rd6 fxg4 53. Rxh6 g3 54. Rd6 g2 55. Rd1 g1=Q 0-1


[Site "https://www.chess.com"]

[Event "Titled Tuesday Blitz May 4 2021"]
[White "Quparadze, Giga"]
[Black "Belous, Vladimir"]
[WhiteFideId "13602250"]
[BlackFideId "4174003"]
[WhiteElo "2658"]
[BlackElo "2583"]
[Result "1-0"]
[Round "06"]
[TimeControl "180+1"]
[Date "2021.05.04"]
[WhiteClock "0:01:16"]
[BlackClock "0:00:09"]

1. e4 c5 2. Nf3 Nc6 3. Bb5 g6 4. O-O Bg7 5. c3 Nf6 6. Re1 O-O 7. d4 Qb6 8. Bxc6 bxc6 9. b3 d5 10. e5 Ne4 11. Ba3 Re8 12. h3 Ba6 13. Qc2 f5 14. Nbd2 Qa5 15. Qb2 Bh6 16. Nf1 Qxc3 17. Qxc3 Nxc3 18. Bxc5 Ne4 19. Bb4 Rab8 20. a3 e6 21. Ra2 Bf8 22. Bxf8 Kxf8 23. b4 Bxf1 24. Rxf1 a5 25. bxa5 Ra8 26. Rc1 Rec8 27. Rac2 Rxa5 28. Rxc6 Rxc6 29. Rxc6 Kf7 30. Rc7+ Kg8 31. Re7 h6 32. Rxe6 Kf7 33. Rb6 Rxa3 34. e6+ Kf6 35. Ne5 Ra1+ 36. Kh2 f4 37. e7+ Kxe7 38. Nxg6+ Kf7 39. Nxf4 Nxf2 40. Nxd5 h5 41. Rf6+ Kg7 42. Rxf2 Rd1 43. Ne3 Rd3 44. Nf5+ Kg6 45. h4 Rd1 46. g3 Rd3 47. Kg2 Kf6 48. d5 Kg6 49. d6 Kf6 50. Rf4 Ke5 51. Rd4 1-0


[Site "https://www.chess.com"]

[Event "Titled Tuesday Blitz May 4 2021"]
[White "Rakshitta, Ravi"]
[Black "Diaz Perez, Michel Alejandro"]
[WhiteFideId "25073230"]
[BlackFideId "3517179"]
[WhiteElo "1873"]
[BlackElo "2337"]
[Result "0-1"]
[Round "06"]
[TimeControl "180+1"]
[Date "2021.05.04"]
[WhiteClock "0:01:10"]
[BlackClock "0:01:17"]

1. e4 d6 2. d4 Nf6 3. Nc3 Nbd7 4. Bg5 e5 5. f4 h6 6. Bh4 exf4 7. Nf3 g5 8. Bf2 c6 9. e5 Ng4 10. e6 Ndf6 11. exf7+ Kxf7 12. h3 Nxf2 13. Kxf2 Bg7 14. Bd3 g4 15. Nh4 Ne4+ 16. Nxe4 Qxh4+ 17. Ke2 Re8 18. Kd2 Rxe4 19. Bxe4 Qf2+ 20. Kc1 Qe3+ 21. Qd2 Qxe4 22. Re1 Qxd4 23. Qe2 Qxb2+ 24. Kd2 Qc3+ 25. Kc1 Qxa1+ 26. Kd2 Qc3+ 27. Kc1 Qb2+ 28. Kd2 Bc3+ 29. Kd3 Bf5+ 30. Kc4 Qb4# 0-1


[Site "https://www.chess.com"]

[Event "Titled Tuesday Blitz May 4 2021"]
[White "Ravi, Thandalam Shanmugam"]
[Black "Rzayev, Bahruz"]
[WhiteFideId "5000238"]
[BlackFideId "13403036"]
[WhiteElo "2215"]
[BlackElo "2331"]
[Result "1/2-1/2"]
[Round "06"]
[TimeControl "180+1"]
[Date "2021.05.04"]
[WhiteClock "0:00:12"]
[BlackClock "0:00:44"]

1. e4 c5 2. c3 d5 3. exd5 Qxd5 4. d4 e5 5. dxe5 Qxd1+ 6. Kxd1 Nc6 7. f4 Bg4+ 8. Be2 O-O-O 9. Ke1 Bxe2 10. Kxe2 f6 11. Nf3 fxe5 12. fxe5 Nge7 13. Bg5 Re8 14. Nbd2 Ng6 15. Kf2 Ncxe5 16. Nxe5 Nxe5 17. b3 Nd3+ 18. Kf3 Bd6 19. Nc4 Rhf8+ 20. Kg4 Bc7 21. Rhf1 Nf2+ 22. Kh5 g6+ 23. Kh6 Ng4+ 24. Kxh7 Rh8+ 25. Kxg6 Reg8+ 26. Kf5 Nxh2 27. Bf6 Nxf1 28. Rxf1 Rh5+ 29. Ke6 Rxg2 30. Rd1 b5 31. Nd6+ Bxd6 32. Rxd6 Rxa2 33. Rd8+ Kc7 34. Rd7+ Kc6 35. Rd6+ Kb7 36. Rd7+ Ka6 37. Rd6+ Kb7 38. Rd7+ Kc6 39. Rd6+ Kb7 1/2-1/2


[Site "https://www.chess.com"]

[Event "Titled Tuesday Blitz May 4 2021"]
[White "Real De Azua, Ernesto"]
[Black "Sztokbant, Bernardo Vainzoff"]
[WhiteFideId "108154"]
[BlackFideId "2115956"]
[WhiteElo "2476"]
[BlackElo "2264"]
[Result "1-0"]
[Round "06"]
[TimeControl "180+1"]
[Date "2021.05.04"]
[WhiteClock "0:00:11"]
[BlackClock "0:00:02"]

1. c4 e5 2. Nc3 Nc6 3. Nf3 Nf6 4. Qc2 Bb4 5. Nd5 Bc5 6. e3 d6 7. a3 a5 8. b3 O-O 9. Bb2 Be6 10. Nxf6+ Qxf6 11. Be2 Qe7 12. d4 exd4 13. exd4 Bb6 14. d5 Bg4 15. dxc6 Bxf3 16. gxf3 bxc6 17. O-O-O Rfe8 18. Bd3 Kh8 19. Rhg1 f6 20. Bxh7 Qe2 21. Bd3 Qxc2+ 22. Kxc2 Bxf2 23. Rg2 Bh4 24. Rg4 Bf2 25. Rf1 Be3 26. Rh4+ Kg8 27. Re4 d5 28. Rxe8+ Rxe8 29. Re1 Kf8 30. Bg6 Re7 31. Kd3 Bf4 32. Rxe7 Kxe7 33. h3 Kd6 34. Bc3 Bc1 35. a4 Kc5 36. Bxa5 Bf4 37. Be1 dxc4+ 38. bxc4 Be5 39. a5 Bd6 40. Bf2+ Kb4 41. a6 1-0


[Site "https://www.chess.com"]

[Event "Titled Tuesday Blitz May 4 2021"]
[White "Region_07"]
[Black "Flores Quillas, Diego Saul Rodri"]
[BlackFideId "3822508"]
[WhiteElo "2384"]
[BlackElo "2071"]
[Result "1-0"]
[Round "06"]
[TimeControl "180+1"]
[Date "2021.05.04"]
[WhiteClock "0:01:54"]
[BlackClock "0:01:23"]

1. d4 Nf6 2. Bg5 c5 3. dxc5 Qa5+ 4. Nd2 Qxc5 5. Bxf6 gxf6 6. Ngf3 Nc6 7. e3 Rg8 8. g3 Bh6 9. Bg2 d5 10. O-O e5 11. Nb3 Qd6 12. c4 Be6 13. cxd5 Qxd5 14. Nfd4 Qd7 15. Nxe6 fxe6 16. Qh5+ 1-0


[Site "https://www.chess.com"]

[Event "Titled Tuesday Blitz May 4 2021"]
[White "Reinaldovera"]
[Black "Manukyan, Sargis A."]
[BlackFideId "13303970"]
[WhiteElo "2302"]
[BlackElo "2187"]
[Result "1-0"]
[Round "06"]
[TimeControl "180+1"]
[Date "2021.05.04"]
[WhiteClock "0:00:38"]
[BlackClock "0:01:06"]

1. d4 d5 2. c4 e6 3. Nc3 Nf6 4. Nf3 Be7 5. Bf4 O-O 6. e3 c5 7. dxc5 Na6 8. cxd5 Nxd5 9. Nxd5 exd5 10. Be5 Nxc5 11. Be2 Be6 12. O-O Rc8 13. Qd4 f6 14. Bg3 a6 15. Rac1 Ne4 16. Qa7 Qd7 17. Nd4 Nxg3 18. hxg3 Bf7 19. Bf3 Rfd8 20. Nb3 Ra8 21. Qb6 Rac8 22. Rfd1 Rxc1 23. Rxc1 Rc8 24. Rxc8+ Qxc8 25. Na5 h5 26. Nxb7 a5 27. Nxa5 Bd8 28. Qc6 Qf5 29. Nb7 Be7 30. Nd6 Qb1+ 31. Kh2 Bg6 32. Bxd5+ Kh7 33. Be4 Qxb2 34. Bxg6+ Kxg6 35. Qe4+ Kh6 36. Nf7# 1-0


[Site "https://www.chess.com"]

[Event "Titled Tuesday Blitz May 4 2021"]
[White "Remizov, Yaroslav"]
[Black "Golizadeh, Asghar"]
[WhiteFideId "34134015"]
[BlackFideId "12505269"]
[WhiteElo "2367"]
[BlackElo "2403"]
[Result "1-0"]
[Round "06"]
[TimeControl "180+1"]
[Date "2021.05.04"]
[WhiteClock "0:01:29"]
[BlackClock "0:00:34"]

1. e4 c5 2. Nf3 d6 3. d4 cxd4 4. Nxd4 Nf6 5. Nc3 a6 6. f3 e5 7. Nb3 Be6 8. Be3 Be7 9. Qd2 h5 10. O-O-O Nbd7 11. Kb1 Rc8 12. Nd5 Nxd5 13. exd5 Bf5 14. Bd3 Bxd3 15. Qxd3 Bg5 16. Bf2 b5 17. h4 Bh6 18. g4 Bf4 19. Rdg1 g6 20. Be3 Qf6 21. Nd2 Bxe3 22. Qxe3 Nc5 23. b4 Na4 24. Ne4 Qe7 25. Ka1 Rxc2 26. Rc1 Rxc1+ 27. Rxc1 O-O 28. gxh5 Qxh4 29. Rg1 Kg7 30. hxg6 fxg6 31. Ng5 Qxb4 32. Qa7+ Kf6 33. Nh7+ Kf5 34. Qd7+ 1-0


[Site "https://www.chess.com"]

[Event "Titled Tuesday Blitz May 4 2021"]
[White "Rios Parra, Alejandro"]
[Black "Kokoszczynski, Jan"]
[WhiteFideId "4400348"]
[BlackFideId "1174460"]
[WhiteElo "2188"]
[BlackElo "2166"]
[Result "1-0"]
[Round "06"]
[TimeControl "180+1"]
[Date "2021.05.04"]
[WhiteClock "0:00:05"]
[BlackClock "0:00:07"]

1. e4 c6 2. d4 d5 3. Nc3 dxe4 4. Nxe4 Nf6 5. Nxf6+ exf6 6. Bc4 Bd6 7. Qe2+ Qe7 8. Qxe7+ Kxe7 9. Ne2 Be6 10. Bb3 Nd7 11. Bf4 Nb6 12. O-O-O a5 13. Rhe1 a4 14. Bxe6 fxe6 15. Kb1 Rhe8 16. Rd3 g5 17. Bxd6+ Kxd6 18. Ng3 f5 19. f4 h6 20. b3 Nd5 21. fxg5 hxg5 22. Ne2 b5 23. Nc3 Rh8 24. h3 Rae8 25. bxa4 bxa4 26. Nxa4 Rb8+ 27. Rb3 Ra8 28. Nc5 Rh6 29. Rb7 Nc7 30. a4 Rd8 31. a5 Nb5 32. Rxb5 cxb5 33. Nb7+ Kc7 34. Nxd8 Kxd8 35. Re5 Rh7 36. Rxb5 Ra7 37. Kb2 Kc7 38. Kb3 Kc6 39. Kb4 f4 40. Rxg5 Rb7+ 41. Kc3 Rb1 42. h4 Rh1 43. h5 Ra1 44. Rg6 Rh1 45. Rxe6+ Kd5 46. Re5+ Kd6 47. Rf5 Ra1 48. Kb4 Rb1+ 49. Kc4 Ra1 50. c3 Ra4+ 51. Kd3 Ra1 52. Ke4 Re1+ 53. Kxf4 Rh1 54. g4 Ra1 55. Ke4 Ke6 56. h6 Re1+ 57. Kd3 Rd1+ 58. Kc4 Rh1 59. Rh5 Ra1 60. h7 Kf7 61. h8=Q Ra4+ 62. Kb3 Ra1 63. Qh7+ Ke6 64. Qg6+ Ke7 65. Rh7+ Kf8 66. Qf7# 1-0


[Site "https://www.chess.com"]

[Event "Titled Tuesday Blitz May 4 2021"]
[White "Rodin, Mihail"]
[Black "Shimelkov, Vasiliy"]
[WhiteFideId "4113160"]
[BlackFideId "13701630"]
[WhiteElo "2368"]
[BlackElo "2073"]
[Result "0-1"]
[Round "06"]
[TimeControl "180+1"]
[Date "2021.05.04"]
[WhiteClock "0:00:01"]
[BlackClock "0:00:11"]

1. e4 c6 2. d4 d5 3. e5 Bf5 4. Nc3 e6 5. g4 Bg6 6. Nge2 Nd7 7. Be3 c5 8. f4 Ne7 9. Ng3 cxd4 10. Bxd4 h6 11. Qd2 Nc6 12. O-O-O Nxd4 13. Qxd4 Bc5 14. Qd2 Rc8 15. Bd3 Bxd3 16. Qxd3 Qb6 17. Rhe1 O-O 18. f5 Bb4 19. f6 Bxc3 20. bxc3 g6 21. h4 Qa5 22. Re3 Nc5 23. Qd4 Qxa2 24. Qf4 Kh7 25. g5 Ne4 26. Nxe4 dxe4 27. Qxe4 Qa1+ 28. Kd2 Rfd8+ 29. Rd3 Qxc3+ 30. Ke3 Rxd3+ 31. cxd3 Qc5+ 32. Qd4 Qc2 33. Qd7 Rf8 34. Rd2 Qc1 35. Qxb7 Qg1+ 36. Ke2 Qh2+ 37. Kd1 Qxh4 38. gxh6 Qh5+ 39. Re2 g5 40. Qe7 Rb8 41. Kd2 g4 42. Re4 Qh2+ 43. Ke3 Qg1+ 44. Kf4 Qf2+ 45. Kxg4 Rg8+ 0-1


[Site "https://www.chess.com"]

[Event "Titled Tuesday Blitz May 4 2021"]
[White "Roebers, Jan"]
[Black "Serikbay, Assel"]
[WhiteFideId "1007815"]
[BlackFideId "13706799"]
[WhiteElo "2200"]
[BlackElo "2044"]
[Result "1-0"]
[Round "06"]
[TimeControl "180+1"]
[Date "2021.05.04"]
[WhiteClock "0:00:01"]
[BlackClock "0:00:02"]

1. e4 c5 2. Nf3 Nc6 3. d4 cxd4 4. Nxd4 Nf6 5. Nc3 e6 6. Bc4 Bb4 7. Nxc6 bxc6 8. e5 Qa5 9. Qd4 Nd5 10. Bxd5 cxd5 11. Bd2 Ba6 12. a3 Be7 13. O-O-O O-O 14. Nb1 Qc7 15. Bb4 Rfc8 16. c3 Bxb4 17. axb4 Bc4 18. Na3 Qb7 19. h4 a5 20. b5 Bxb5 21. h5 h6 22. g4 Rab8 23. Rd2 Ba6 24. g5 hxg5 25. h6 g6 26. h7+ Kh8 27. Rh3 Qb4 28. Qe3 Rxc3+ 29. Qxc3 Rc8 30. Qxc8+ Bxc8 31. Rc3 Ba6 32. Rc7 Qb8 33. Rdc2 g4 34. Rxd7 Qxe5 35. Rcc7 Bd3 36. Kd2 Qd4 37. Rxf7 Bf5+ 38. Ke1 Qe5+ 39. Kf1 Bd3+ 40. Kg1 Qe1+ 41. Kg2 Qe4+ 42. Kg1 Qe1+ 43. Kg2 Qf1+ 44. Kg3 Qg1+ 45. Kh4 Qh2+ 46. Kg5 Qh5+ 47. Kf6 Qh4+ 48. Ke5 Bf5 49. Rf8# 1-0


[Site "https://www.chess.com"]

[Event "Titled Tuesday Blitz May 4 2021"]
[White "Rojas Alarcon, Julian Antonio"]
[Black "Seul, Georg"]
[WhiteFideId "5107407"]
[BlackFideId "4601653"]
[WhiteElo "2333"]
[BlackElo "2332"]
[Result "1-0"]
[Round "06"]
[TimeControl "180+1"]
[Date "2021.05.04"]
[WhiteClock "0:00:17"]
[BlackClock "0:00:01"]

1. c4 e5 2. Nc3 Bb4 3. g3 Bxc3 4. bxc3 d6 5. Bg2 f5 6. d3 Nf6 7. Rb1 Nc6 8. Nf3 O-O 9. O-O Qe8 10. Nd2 Qh5 11. e3 Qh6 12. Re1 Kh8 13. Nf1 e4 14. d4 Na5 15. c5 d5 16. Qa4 b6 17. Ba3 Re8 18. Nd2 Bd7 19. Qc2 b5 20. Bb4 Nc6 21. a4 bxa4 22. Ba3 g5 23. Rb7 Rac8 24. c4 Be6 25. Qxa4 Ne7 26. c6 f4 27. cxd5 Nexd5 28. exf4 Ng4 29. Nf1 gxf4 30. Qd1 f3 31. Bh1 Bf5 32. Bc1 Qh5 33. Rb5 Rcd8 34. Bd2 e3 35. Bxe3 Ndxe3 36. Qxf3 Be4 37. Rxh5 Bxf3 38. Bxf3 1-0


[Site "https://www.chess.com"]

[Event "Titled Tuesday Blitz May 4 2021"]
[White "Rorrer, Grayson"]
[Black "Schut, Han"]
[WhiteFideId "30944996"]
[BlackFideId "1005561"]
[WhiteElo "2397"]
[BlackElo "2057"]
[Result "0-1"]
[Round "06"]
[TimeControl "180+1"]
[Date "2021.05.04"]
[WhiteClock "0:02:14"]
[BlackClock "0:01:32"]

1. e4 c5 2. Nf3 d6 3. d4 cxd4 4. Nxd4 Nf6 5. Nc3 g6 6. Be3 Bg7 7. f3 O-O 8. Qd2 Nc6 9. Bc4 Bd7 10. O-O-O Rc8 11. Bb3 Nxd4 12. Bxd4 b5 13. Nd5 Nxd5 14. Bxg7 Kxg7 15. exd5 a5 16. a3 Bf5 17. c3 b4 18. axb4 axb4 19. Qd4+ Kg8 20. Qxb4 Rb8 21. Qa3 Qb6 22. Bc4 Ra8 23. Qb4 Qe3+ 0-1


[Site "https://www.chess.com"]

[Event "Titled Tuesday Blitz May 4 2021"]
[White "Rosenberg, Evan S"]
[Black "Zeydan, Salih"]
[WhiteFideId "2019299"]
[BlackFideId "6361722"]
[WhiteElo "2127"]
[BlackElo "1988"]
[Result "0-1"]
[Round "06"]
[TimeControl "180+1"]
[Date "2021.05.04"]
[WhiteClock "0:00:02"]
[BlackClock "0:00:05"]

1. Nf3 c5 2. b4 cxb4 3. a3 e6 4. axb4 Bxb4 5. e4 d5 6. exd5 exd5 7. Bb5+ Nc6 8. O-O Ne7 9. Bb2 O-O 10. Qe2 Bg4 11. h3 Bh5 12. d3 a6 13. Ba4 Re8 14. Qe3 b5 15. Bb3 Qc7 16. Qg5 Bg6 17. Nh4 Bd6 18. Nxg6 hxg6 19. Nc3 Be5 20. Rae1 Bf6 21. Qg4 Rad8 22. Nd1 Bxb2 23. Nxb2 Ne5 24. Qg3 Nf5 25. Qh2 Nh4 26. Kh1 a5 27. d4 Qc3 28. Nd1 Qxd4 29. Ne3 Nc4 0-1


[Site "https://www.chess.com"]

[Event "Titled Tuesday Blitz May 4 2021"]
[White "Rustemov, Alexander"]
[Black "Kiselev, Gennady"]
[WhiteFideId "4119002"]
[BlackFideId "4117107"]
[WhiteElo "2614"]
[BlackElo "2323"]
[Result "1-0"]
[Round "06"]
[TimeControl "180+1"]
[Date "2021.05.04"]
[WhiteClock "0:01:02"]
[BlackClock "0:00:02"]

1. d4 d5 2. c4 dxc4 3. Nf3 Nf6 4. e3 e6 5. Bxc4 c5 6. O-O a6 7. e4 cxd4 8. e5 Nfd7 9. Qxd4 Nc6 10. Qf4 Be7 11. Qg3 O-O 12. Bh6 g6 13. Bxf8 Bxf8 14. Nbd2 Bg7 15. Rfe1 Qc7 16. Rac1 b5 17. Bd3 Bb7 18. Be4 Qb6 19. h4 Rd8 20. Bxc6 Bxc6 21. Ne4 Bxe4 22. Rxe4 Nc5 23. Re2 Nd3 24. Rd1 Rd5 25. Red2 Nb4 26. Rxd5 Nxd5 27. h5 Qa5 28. hxg6 hxg6 29. a3 Qa4 30. Rd4 Qc2 31. Qg5 Qxb2 32. Qd8+ Bf8 33. Rh4 Qxa3 34. Kh2 Qe7 35. Qb8 b4 36. Rc4 a5 37. Rc8 a4 38. Re8 1-0


[Site "https://www.chess.com"]

[Event "Titled Tuesday Blitz May 4 2021"]
[White "Sadhwani, Raunak"]
[Black "Yeremyan, Alen"]
[WhiteFideId "35093487"]
[BlackFideId "13308998"]
[WhiteElo "2514"]
[BlackElo "2158"]
[Result "1-0"]
[Round "06"]
[TimeControl "180+1"]
[Date "2021.05.04"]
[WhiteClock "0:01:44"]
[BlackClock "0:01:31"]

1. b3 Nf6 2. Bb2 e6 3. Nf3 Be7 4. g3 O-O 5. Bg2 d5 6. O-O c5 7. e3 Nc6 8. d3 b6 9. Nbd2 Bb7 10. Re1 Nd7 11. e4 d4 12. h4 b5 13. e5 Qc7 14. Qe2 Rae8 15. h5 h6 16. Nf1 Bd8 17. N1h2 f5 18. exf6 Nxf6 19. Nh4 e5 20. Ng6 Rf7 21. f4 e4 22. dxe4 Nd5 23. Ng4 Nc3 24. Bxc3 dxc3 25. Qxb5 Qc8 26. N4e5 Nxe5 27. Qxe8+ 1-0


[Site "https://www.chess.com"]

[Event "Titled Tuesday Blitz May 4 2021"]
[White "Sanal, Vahap"]
[Black "Quintiliano Pinto, Renato R."]
[WhiteFideId "6300545"]
[BlackFideId "2117568"]
[WhiteElo "2507"]
[BlackElo "2439"]
[Result "1-0"]
[Round "06"]
[TimeControl "180+1"]
[Date "2021.05.04"]
[WhiteClock "0:01:29"]
[BlackClock "0:00:10"]

1. e4 c5 2. Nf3 d6 3. d4 cxd4 4. Nxd4 Nf6 5. Nc3 a6 6. a3 e5 7. Nf5 d5 8. Bg5 d4 9. Bxf6 gxf6 10. Nb1 Bxf5 11. exf5 Qa5+ 12. Nd2 Nc6 13. Bd3 Bh6 14. b4 Bxd2+ 15. Qxd2 Qc7 16. O-O O-O 17. Qh6 Qe7 18. Rae1 Kh8 19. Re4 Rg8 20. Rh4 Rg7 21. Be4 Rd8 22. g3 Rd6 23. Rd1 Nb8 24. Bf3 b6 25. c3 dxc3 26. Rc1 Qc7 27. Qe3 c2 28. Kg2 Nd7 29. Be4 Rd4 30. Rxc2 Qd8 31. Bb7 Rxh4 32. Rc8 Qxc8 33. Bxc8 Nf8 34. Qxb6 Rd4 35. Qxf6 Kg8 36. Qxe5 Rd8 37. f6 Rg6 38. Bf5 Rh6 39. Qf4 1-0


[Site "https://www.chess.com"]